 Dungeon Crawl Stone Soup version 0.26-a0-651-gb41185065b (webtiles) character file.

Game seed: 231521025870225216

63 Ozzies the Skirmisher (level 4, -1/31 HPs)
             Began as a Gargoyle Fighter on Oct 14, 2020.
             Slain by Pikel
             ... wielding a +2 whip of flaming
              (2 damage)
             ... on level 4 of the Dungeon.
             The game lasted 00:01:15 (1217 turns).

Ozzies the Skirmisher (Gargoyle Fighter)            Turns: 1217, Time: 00:01:16

Health: -1/31      AC: 10    Str: 20    XL:     4   Next: 10%
Magic:  4/4        EV:  7    Int:  9    God:
Gold:   45         SH:  9    Dex:  9    Spells: 3/3 levels left

rFire    . . .     SeeInvis .   a - +0 flail
rCold    . . .     Faith    .   c - +0 kite shield
rNeg     + . .     Spirit   .   b - +0 scale mail
rPois    ∞         Reflect  .   (no helmet)
rElec    +         Harm     .   (no cloak)
rCorr    .         Rampage  .   (no gloves)
MR       .....                  (no boots)
Stlth    ..........             (no amulet)
HPRegen  0.10/turn              (no ring)
MPRegen  0.09/turn              (no ring)

@: no status effects
A: negative energy resistance 1, electricity resistance, unbreathing,
petrification resistance, rot immunity, AC +3
a: no special abilities


You were on level 4 of the Dungeon.
You visited 1 branch of the dungeon, and saw 3 of its levels.

You collected 45 gold pieces.

Inventory:

Hand Weapons
 a - a +0 flail (weapon)
Missiles
 k - 82 stones (quivered)
Armour
 b - a +0 scale mail (worn)
 c - a +0 kite shield (worn)
 f - a +0 helmet
Jewellery
 h - an uncursed amulet of faith {unknown}
Scrolls
 g - 2 scrolls of identify {unknown}
 i - 3 scrolls of magic mapping {unknown}
 l - a scroll of enchant weapon {unknown}
Potions
 d - a potion of might {@q3 !q}
 e - a potion of invisibility {unknown}
 j - a potion of degeneration {unknown}
 m - a potion of lignification {unknown}
 n - a potion of experience {unknown}
 o - a potion of haste {unknown}


   Skills:
 * Level 5.0 Fighting
 + Level 2.5 Maces & Flails
 - Level 3.2 Armour
 - Level 3.2 Shields


You had 3 spell levels left.
You didn't know any spells.
Your spell library was empty.

Dungeon Overview and Level Annotations

Branches:
Dungeon (2/15)

Altars:
Kikubaaqudgha

Annotations:
D:4 Pikel


Innate Abilities, Weirdness & Mutations

You are resistant to torment.
Your stone body is resilient. (AC +3)
You are immune to poison.
You resist negative energy. (rN+)
You are resistant to electric shocks. (rElec)
You can survive without breathing.
You are immune to petrification.
You are immune to rotting.


Message History

You kill the jackal!
No target in view!
You open the door.
An iguana comes into view.
The iguana hisses angrily.
An iguana is nearby!
An iguana is nearby!
There is an open door here.
The iguana bites you but does no damage.
You hit the iguana.
The iguana is lightly wounded.
The iguana bites you.
You sock the iguana!
You kill the iguana!
Your Fighting skill increases to level 5!
You have reached level 4!
You feel clever.
HP restored.
You open the door.
There is an open door here.
A quokka skeleton comes into view.
A quokka skeleton is nearby!
A quokka skeleton is nearby!
A quokka skeleton is nearby!
You see here 18 gold pieces.
The quokka skeleton barely misses you.
You hit the quokka skeleton but do no damage.
You block the quokka skeleton's attack. The quokka skeleton misses you.
You sock the quokka skeleton!
You destroy the quokka skeleton!
No target in view!
No target in view!
No target in view!
No target in view!
No target in view!
No target in view!
No target in view!
No target in view!
No target in view!
You now have 45 gold pieces (gained 18).
k - 82 stones (gained 29) 4 lemures and Pikel come into view.
Pikel is wielding a +2 whip of flaming.
Pikel shouts!
The lemure shouts! x3
You barely miss the lemure. You block the lemure's attack.
You hit the lemure but do no damage. You block the lemure's attack.
You sock Pikel!
Pikel is moderately wounded.
You thump Pikel!
Pikel is heavily wounded.
Pikel hits you but does no damage.
You hit Pikel but do no damage.
Pikel is heavily wounded.
Pikel hits you with a +2 whip of flaming.
Pikel burns you. Pikel hits you but does no damage.
You closely miss Pikel.
Pikel is heavily wounded.
You block Pikel's attack.
You closely miss Pikel.
Pikel is heavily wounded.
You block Pikel's attack.
You miss Pikel.
Pikel is heavily wounded.
You block Pikel's attack. Pikel closely misses you.
You hit Pikel.
Pikel is severely wounded.
Pikel hits you with a +2 whip of flaming.
Pikel burns you.
You hit Pikel.
Pikel is severely wounded.
Pikel hits you but does no damage.
You closely miss Pikel.
Pikel is severely wounded.
Pikel says, "You'll burn in Gehenna!"
Pikel hits you with a +2 whip of flaming.
Pikel burns you.
Pikel hits you with a +2 whip of flaming.
Pikel burns you.
You closely miss Pikel.
Pikel is severely wounded.
Pikel hits you but does no damage.
You closely miss Pikel.
Pikel is severely wounded.
Pikel hits you but does no damage. x2
You hit Pikel.
Pikel is almost dead.
Pikel hits you but does no damage.
You hit Pikel.
Pikel is almost dead.
Pikel hits you with a +2 whip of flaming!
* * * LOW HITPOINT WARNING * * *
Pikel burns you.
* * * LOW HITPOINT WARNING * * *
You closely miss Pikel.
Pikel is almost dead.
You block Pikel's attack.
Pikel hits you with a +2 whip of flaming.
* * * LOW HITPOINT WARNING * * *
Pikel burns you.
You die...

##.....##
#.##..#.#
##...##
#.##.##.#
##+#
#.##.##.#
#.##.##.#
#.......#
####.####
#.# #.#
#@# #K#
.555K.55#
#########


You could see Pikel and 2 lemures.

Vanquished Creatures
  An iguana (D:4)
  2 dart slugs (D:1)
  2 bats (D:1)
  A bat zombie (D:2)
  2 goblins
  5 hobgoblins
  8 jackals
  4 frilled lizards (D:1)
  2 kobolds (D:1)
  A quokka skeleton (D:4)
  3 rats (D:1)
  3 rat zombies (D:2)
34 creatures vanquished.

Notes
Turn   | Place    | Note
-------+----------+-------------------------------------------
     0 | D:1      | Ozzies the Gargoyle Fighter began the quest for the Orb.
     0 | D:1      | Reached XP level 1. HP: 14/14 MP: 1/1
   169 | D:1      | Reached XP level 2. HP: 13/20 MP: 2/2
   174 | D:1      | Reached skill level 4 in Fighting
   450 | D:1      | Reached XP level 3. HP: 24/24 MP: 3/3
   982 | D:2      | Found an ancient bone altar of Kikubaaqudgha.
  1039 | D:2      | You fall into a shaft and drop 2 floors!
  1093 | D:4      | Reached skill level 5 in Fighting
  1093 | D:4      | Reached XP level 4. HP: 26/31 MP: 4/4
  1200 | D:4      | Noticed Pikel
  1200 | D:4      | Noticed a lemure
  1200 | D:4      | Noticed a lemure
  1200 | D:4      | Noticed a lemure
  1200 | D:4      | Noticed a lemure
  1217 | D:4      | HP: 1/31 [Pikel/+2 whip of flaming (6)]
  1217 | D:4      | Slain by Pikel

Illustrated notes

Levels and vault maps discovered:
D:1:      psy_arrival_heroes, layout_basic, chequers_decorated_corner
D:2:      layout_basic, lemuel_zombie_altar_kikubaaqudgha
D:4:      layout_loops_corners, grunt_ministairs_14, uniq_pikel

Skill      XL: |  1  2  3 |
---------------+----------+-----
Fighting       | 4 5 |  5.0
Maces & Flails | |  2.5
Armour         | |  3.2
Shields        | |  3.2

Action                   |  1- 3 |  4- 6 || total
-------------------------+-------+-------++-------
Melee: Flail             |    92 |    18 ||   110
Armor: Scale mail        |    64 |     6 ||    70
Dodge: Dodged            |    42 |     3 ||    45
Block: Kite shield       |    60 |     7 ||    67

Table legend: (Time is in decaauts)
 A = Elapsed time spent in this place.
 B = Non-inter-level travel time spent in this place.
 C = Inter-level travel time spent in this place.
 D = Time resting spent in this place.
 E = Time spent auto-exploring this place.
 F = Levels seen in this place.
 G = Mean time per level.
                   A        B        C        D        E       F      G
               +--------+--------+--------+--------+--------+-----+--------+
         Total |   1257 |   1240 |     17 |    102 |    889 |   3 |  419.0 |
       Dungeon |   1257 |   1240 |     17 |    102 |    889 |   3 |  419.0 |
               +--------+--------+--------+--------+--------+-----+--------+

Top non-repeatable levels by time:
     D:1: 928 daAuts
     D:4: 189 daAuts
     D:2: 139 daAuts
